 Dungeon Crawl Stone Soup version 0.19.1 (webtiles) character file.

21 Host24 the Bolt Thrower (level 3, 0/23 HPs)
             Began as a Kobold Hunter on Dec 30, 2016.
             Killed from afar by Terence (3 damage)
             ... with a wand of flame
             ... on level 2 of the Dungeon.
             The game lasted 00:01:38 (1147 turns).

Host24 the Bolt Thrower (Kobold Hunter)             Turns: 1147, Time: 00:01:39

Health: 0/23       AC:  3    Str:  9    XL:     3   Next: 2%
Magic:  3/3        EV: 15    Int: 12    God:
Gold:   99         SH:  0    Dex: 16    Spells: 0 memorised, 2 levels left

rFire  . . .     SeeInvis .     a - +1 hand crossbow
rCold  . . .     Gourm    .     c - +0 leather armour
rNeg   . . .     Faith    .     (shield restricted)
rPois  .         Spirit   .     (no helmet)
rElec  .         Reflect  .     (no cloak)
rCorr  .         Harm     .     (no gloves)
MR     .....                    (no boots)
Stlth  ++........               (no amulet)
                                (no ring)
                                (no ring)

@: no status effects
A: carnivore 3
a: no special abilities


You were on level 2 of the Dungeon.
You were very full.

You visited 1 branch of the dungeon, and saw 2 of its levels.

You collected 99 gold pieces.

Inventory:

Hand Weapons
 a - a +1 hand crossbow (weapon)
 b - a +0 short sword
 g - a +0 hunting sling
Missiles
 d - 16 bolts (quivered)
 j - 2 needles of sleeping
 l - 42 arrows
 q - 19 stones
Armour
 c - a +0 leather armour (worn)
Jewellery
 e - an uncursed ring of magical power {unknown}
 k - an uncursed ring of poison resistance {unknown}
Scrolls
 p - a scroll of teleportation {unknown}
Potions
 n - a potion of lignification {unknown}
Comestibles
 f - a meat ration
 m - a beef jerky


   Skills:
 - Level 3.1 Fighting
 + Level 4.8 Crossbows
 - Level 3.0 Dodging
 - Level 1.3 Stealth


You had 2 spell levels left.
You didn't know any spells.

Dungeon Overview and Level Annotations

Branches:
Dungeon (2/15)

Altars:

Annotations:
D:2 Terence


Innate Abilities, Weirdness & Mutations

You are small and have problems with some larger weapons.
You are carnivorous and can eat meat at any time.


Message History

A quokka comes into view.
Firing (i - inventory. (,) - cycle):
d - 17 bolts (quivered)
Press: ? - help, Shift-Dir - straight line, f/p - Terence
Aim: Terence, wielding a flail of crushing, wearing a glowing scale mail and carrying a wand of flame {zapped: 2} (moderately wounded)
You shoot a bolt. The bolt hits Terence.
Terence is heavily wounded.
Terence hits you with a flail of crushing.
* * * LOW HITPOINT WARNING * * *
x2
As you read the scroll labeled PAODOZ HEFOHI, it crumbles to dust.
You hear a loud clanging noise!
It was a scroll of noise.
You hear an angry hiss.
You hear a bark!
You hear an angry hiss.
You hear a bark! x2
Terence closely misses you.
As you read the scroll labeled COIMIS OLOSAIM, it crumbles to dust.
The scroll dissolves into smoke.
It was a scroll of fog.
Terence misses you.
As you read the scroll labeled TENAECR WUAKIUF, it crumbles to dust.
You feel aware of your surroundings.
It was a scroll of magic mapping.
Terence zaps a wand.
The puff of flame hits you!
You die...

,,>,,,,,,,,* *,*
,,,,,,,,,,,* *,*
,,,,,,,,,,,########*,*
,,>,,,,,,,,,....(.#*,*
,,,,,,,,,,,,,.....+,,*
,,,,,,,,,,,,,,..(.#***
,,,,,,,,,,,,,,,§r§*
,**************#@#########
** #@#.......# *
#§§§...##.# * ###§##.##.#
* #.##.##.# * #.##.##.# *
#.##.##.# * #.##.##.#
#.##.##.# #.##....######


You could see Terence and a quokka.

Vanquished Creatures
  An ooze (D:1)
  2 leopard geckos (D:1)
  2 bats (D:1)
  A goblin (D:1)
  A hobgoblin (D:1)
  2 jackals (D:1)
  A frilled lizard (D:1)
  A kobold (D:1)
  3 rats
14 creatures vanquished.

Notes
Turn   | Place    | Note
-------+----------+-------------------------------------------
     0 | D:1      | Host24 the Kobold Hunter began the quest for the Orb.
     0 | D:1      | Reached XP level 1. HP: 12/12 MP: 1/1
    63 | D:1      | Reached XP level 2. HP: 7/18 MP: 2/2
   847 | D:1      | Reached XP level 3. HP: 22/23 MP: 3/3
  1139 | D:2      | Noticed Terence
  1147 | D:2      | Killed from afar by Terence

Skill      XL: |  1  2 |
---------------+-------+-----
Fighting       | 3 |  3.1
Dodging        | 3 |  3.0
Crossbows      | |  4.8
Stealth        | |  1.3

Action                   || total
-------------------------++-------
Melee: Short sword       ||    53
 Fire: Hand crossbow     ||     4
  Use: Scroll            ||     3
  Eat: Chunk             ||     8
Armor: Leather armour    ||    11
Dodge: Dodged            ||    42
